 Dungeon Crawl Stone Soup version 0.13-b1-32-g21a608e (webtiles) character file.

283 Lilouch the Skirmisher (level 5, 0/46 HPs)
             Began as a Ghoul Fighter on Oct 6, 2013.
             Slain by a worker ant (5 damage)
             ... on Level 4 of the Dungeon.
             The game lasted 00:16:18 (2596 turns).

Lilouch the Skirmisher (Ghoul Fighter)              Turns: 2596, Time: 00:16:18

HP   0/46        AC  6     Str 21      XL: 5   Next: 23%
MP   3/3         EV  6     Int  3      God:
Gold 143         SH 18     Dex  8      Spells:  0 memorised,  4 levels left

Res.Fire  : . . .   See Invis. : .     - Unarmed
Res.Cold  : + . .   Warding    : .   b - +0 scale mail
Life Prot.: + + +   Conserve   : .   c - +0 shield
Res.Poison: +       Res.Corr.  : .   (no helmet)
Res.Elec. : .       Clarity    : .   (no cloak)
Sust.Abil.: . .     Spirit.Shd : .   (no gloves)
Res.Mut.  : .       Stasis     : .   (no boots)
Res.Rott. : +       Flight     : .   (no amulet)
Saprovore : + + +                    (no ring)
                                     (no ring)

@: rotting, slightly resistant to hostile enchantments, extremely unstealthy
A: rotting body, claws 1, carnivore 3, cold resistance 1, life protection 3,
poison resistance, saprovore 3, slow healing 1, torment resistance, unbreathing
a: no special abilities


You were on level 4 of the Dungeon.
You were not hungry.

You visited 1 branch of the dungeon, and saw 4 of its levels.

You collected 123 gold pieces.

Inventory:

Hand weapons
 l - a +0,+3 dwarven dagger (quivered)
 t - a +0,+0 falchion
Missiles
 e - 13 poisoned needles
Armour
 b - a +0 scale mail (worn)
 c - a +0 shield (worn)
 q - a +0 elven cloak
Comestibles
 a - 7 chunks of orc flesh
 d - 3 meat rations
 o - 2 rotting chunks of worker ant flesh
Scrolls
 h - a scroll of enchant weapon I {unknown}
 i - 3 scrolls of amnesia {unknown}
 j - 3 scrolls of remove curse {unknown}
 k - a scroll of curse armour {unknown}
 m - 6 scrolls of identify {unknown}
 p - a scroll of fear {unknown}
 v - a scroll of magic mapping {unknown}
Jewellery
 r - a cursed ring of teleportation {unknown}
Potions
 f - a potion of might {unknown}
 g - a potion of curing {unknown}
 n - a potion of heal wounds {unknown}
 s - a potion of resistance {unknown}
Miscellaneous
 u - a plain deck of war


   Skills:
 + Level 3.8 Fighting
 + Level 3.3 Armour
 + Level 1.2 Dodging
 + Level 3.5 Shields
 + Level 3.4 Unarmed Combat


You had 4 spell levels left.
You didn't know any spells.

Dungeon Overview and Level Annotations

Branches:
Dungeon (4/27)
 Temple: D:4-7

Altars:
Ashenzari
Nemelex Xobeh

Annotations:
D:4 Dowan, Duvessa


Innate Abilities, Weirdness & Mutations

Your body is rotting away.
You have sharp fingernails.
You are carnivorous and can eat meat at any time.
Your flesh is cold resistant.
You are immune to negative energy.
Your system is resistant to poisons.
You thrive on rotten meat.
You heal slowly.
You are immune to unholy pain and torment.
You can survive without breathing.


Message History

You hit the worker ant but do no damage.
The worker ant is almost dead.
The worker ant bites you but does no damage.
You block the worker ant's attack. The worker ant bites you.
* * * LOW HITPOINT WARNING * * *
You closely miss the worker ant.
The worker ant is almost dead.
The worker ant bites you.
* * * LOW HITPOINT WARNING * * *
The worker ant bites you but does no damage.
Eat one of 3 rotting chunks of worker ant flesh? (ye/n/q/i?) This rotting flesh tastes delicious!
The worker ant bites you but does no damage.
The worker ant bites you.
* * * LOW HITPOINT WARNING * * *
You continue eating.
The worker ant bites you.
* * * LOW HITPOINT WARNING * * *
The worker ant bites you.
You die...

.... ..........
............ .............
#............
#............
#............
#...a.........
#...@.........
###...a.........
####...............
#.................
#................. ..
#......(............ .....
##........................
#........................
##.......................


You could see 2 worker ants.

Vanquished Creatures
  An orc priest (D:3)
  A worker ant (D:3)
  An adder (D:2)
  3 worms
  2 oozes
  11 orcs
  A ball python (D:1)
  2 bats (D:2)
  2 giant cockroaches
  6 goblins
  3 hobgoblins
  2 giant geckos
  5 giant newts
  A jackal (D:1)
  4 kobolds (D:1)
  2 quokkas
  7 rats
54 creatures vanquished.

Notes
Turn   | Place    | Note
--------------------------------------------------------------
     0 | D:1      | Lilouch, the Ghoul Fighter, began the quest for the Orb.
     0 | D:1      | Reached XP level 1. HP: 19/19 MP: 0/0
   269 | D:1      | Reached XP level 2. HP: 26/26 MP: 1/1
   898 | D:2      | Reached XP level 3. HP: 6/33 MP: 2/2
  1626 | D:3      | Found a shattered altar of Ashenzari.
  1686 | D:3      | Reached XP level 4. HP: 39/39 MP: 2/2
  1693 | D:3      | Reached skill level 1 in Dodging
  1915 | D:3      | Found a sparkling altar of Nemelex Xobeh.
  2142 | D:4      | Noticed an ogre
  2247 | D:4      | Noticed Duvessa
  2251 | D:4      | Noticed Dowan
  2268 | D:3      | Reached XP level 5. HP: 29/46 MP: 3/3
  2596 | D:4      | Slain by a worker ant

Action                   |  1- 3 |  4- 6 || total
-------------------------+-------+-------++-------
Melee: Unarmed           |   142 |    97 ||   239
